AoeStats
← |GaoeG| flamingo

Arena

507825885Analyzed
2v2 RM · 12d ago on Sep 19, 2026· 46m 14s· 4 players
Game mode
Random Map
Map size
Medium (4 player)
Population
200
Speed
Normal
Resources
Standard
Victory
Conquest
Starting age
Dark Age
Ending age
Imperial Age
RankedLock teamsTeams togetherTeam positionsShared explorationLock speedFull tech treeHidden civsTurbo modeCheats
Victory
Defeat
🇪🇸 Spanish · Spain
1325
+14
🇪🇸 Italians · Spain
1196
+19
🇦🇷 Tatars · Argentina
1274
-17
🇦🇷 Bengalis · Argentina
1269
-16
|GaoeG| flamingo
11:07 Feudal Age
11:32 Feudal Age
12:37 Double-Bit Axe
15:20 Castle Age
14:25 Horse Collar
16:28 Bow Saw
16:28 Heavy Plow
18:05 Loom
18:43 Town Watch
23:24 Fletching
25:33 Bodkin Arrow
28:34 Wheelbarrow
30:56 Imperial Age
28:41 Husbandry
29:48 Hand Cart
30:23 Bloodlines
30:18 Gold Mining
31:05 Scale Barding Armor
31:13 Forging
32:08 Conscription
32:41 Chain Barding Armor
32:33 Forging
31:54 Cavalier
34:22 Plate Barding Armor
35:44 Iron Casting
37:08 Chemistry
39:07 Blast Furnace
38:08 Padded Archer Armor
41:07 Paladin
44:04 Leather Archer Armor
ErafaE
10:08 Feudal Age
10:53 Double-Bit Axe
16:00 Castle Age
17:06 Bow Saw
16:37 Horse Collar
18:23 Wheelbarrow
19:25 Padded Archer Armor
19:16 Fletching
20:41 Ballistics
20:56 Heavy Plow
22:41 Bodkin Arrow
25:08 Leather Archer Armor
26:09 Hand Cart
25:41 Loom
28:34 Gold Mining
33:20 Imperial Age
32:19 Scale Barding Armor
32:29 Forging
33:29 Elite Genoese Crossbowman
34:30 Conscription
34:25 Bloodlines
34:06 Light Cavalry
35:05 Husbandry
36:48 Chemistry
38:33 Bracer
39:05 Ring Archer Armor
39:27 Chain Barding Armor
39:04 Hussar
40:21 Iron Casting
42:10 Plate Barding Armor
43:56 Two-Man Saw
43:28 Crop Rotation
46:21 Blast Furnace
Tzilacatzin
3:12 Loom
9:41 Feudal Age
10:09 Double-Bit Axe
12:02 Wheelbarrow
17:03 Castle Age
15:29 Horse Collar
16:03 Stone Mining
16:29 Gold Mining
16:44 Town Watch
17:58 Fletching
19:27 Hand Cart
21:00 Padded Archer Armor
21:32 Bodkin Arrow
23:05 Leather Archer Armor
23:19 Bow Saw
30:01 Ballistics
38:09 Imperial Age
36:24 Fortified Wall
36:25 Masonry
37:26 Scale Mail Armor
36:52 Pikeman
38:05 Squires
39:01 Forging
40:09 Chain Mail Armor
39:18 Halberdier
41:18 Iron Casting
43:08 Ring Archer Armor
42:44 Bracer
44:33 Chemistry
Zargon
0:26 Loom
10:05 Feudal Age
11:16 Double-Bit Axe
17:17 Castle Age
15:29 Horse Collar
17:08 Padded Archer Armor
16:58 Fletching
18:58 Elite Skirmisher
22:11 Fervor
24:52 Ballistics
25:23 Bodkin Arrow
28:22 Wheelbarrow
28:03 Bow Saw
30:01 Husbandry
30:12 Bloodlines
30:20 Leather Archer Armor
31:42 Silk Armor
37:53 Imperial Age
37:03 Hand Cart
39:35 Chemistry
38:49 Timurid Siegecraft
39:00 Conscription
39:23 Ring Archer Armor
38:54 Bracer
40:54 Bracer
42:55 Heavy Cavalry Archer
45:02 Scale Barding Armor
44:28 Light Cavalry
45:30 Forging
45:41 Hussar
Connection lost

Rejoining the realm…

Still unreachable

The connection could not be restored.

Session expired

The server has moved on; the page needs a fresh start.